AoeStats
← Javi Radical692

Oasis

509704096Analyzed
3v3 RM · 4d ago on Sep 27, 2026· 91m 25s· 6 players
Game mode
Random Map
Map size
Normal (6 player)
Population
200
Speed
Normal
Resources
Standard
Victory
Conquest
Starting age
Dark Age
Ending age
Imperial Age
RankedLock teamsTeams togetherTeam positionsShared explorationLock speedFull tech treeHidden civsTurbo modeCheats
Victory
Defeat
🇩🇪 Spanish · Germany
779
+13
🇩🇪 Teutons · Germany
770
+13
🇩🇪 Bohemians · Germany
634
+18
🇺🇸 Byzantines · United States
725
-21
🇨🇱 Britons · Chile
707
-15
🇩🇪 Lithuanians · Germany
659
-13
vilev
9:25 Loom
11:11 Feudal Age
14:20 Wheelbarrow
15:05 Double-Bit Axe
21:13 Gold Mining
21:38 Arson
24:01 Castle Age
25:53 Squires
26:19 Bow Saw
25:52 Horse Collar
26:27 Scale Barding Armor
26:33 Forging
26:14 Fletching
26:31 Husbandry
26:29 Gambesons
27:57 Caravan
28:55 Hand Cart
29:38 Pikeman
34:00 Ballistics
33:38 Murder Holes
33:14 Elite Skirmisher
34:04 Thumb Ring
34:18 Loom
35:21 Heavy Plow
35:34 Stone Mining
37:54 Fervor
41:02 Imperial Age
39:54 Padded Archer Armor
39:50 Bodkin Arrow
39:40 Elite Skirmisher
42:35 Block Printing
43:08 Logistica
43:28 Conscription
44:49 Chemistry
44:04 Heavy Camel Rider
46:52 Leather Archer Armor
46:53 Cavalier
48:51 Heavy Cavalry Archer
50:08 Elite Cataphract
51:34 Gold Shaft Mining
51:49 Capped Ram
53:34 Illumination
53:44 Theocracy
53:25 Redemption
54:00 Paladin
60:07 Siege Ram
60:46 Elite Varangian Guard
60:47 Halberdier
62:33 Crop Rotation
67:22 Bombard Tower
73:52 Light Cavalry
77:21 Hussar
82:22 Chain Barding Armor
82:32 Ring Archer Armor
82:38 Iron Casting
82:04 Scale Mail Armor
Javi Radical692
10:42 Feudal Age
11:12 Horse Collar
11:20 Double-Bit Axe
12:29 Loom
19:19 Stone Mining
21:32 Castle Age
23:12 Bow Saw
23:06 Heavy Plow
25:04 Wheelbarrow
25:04 Gold Mining
29:43 Gold Shaft Mining
29:27 Murder Holes
29:56 Pikeman
30:50 Town Watch
31:01 Treadmill Crane
35:00 Imperial Age
32:25 Fletching
32:36 Padded Archer Armor
33:52 Ballistics
35:03 Squires
34:50 Arson
35:31 Hand Cart
36:16 Bodkin Arrow
38:54 Chemistry
38:28 Yeomen
40:16 Conscription
40:14 Caravan
41:31 Two-Man Saw
40:37 Scale Mail Armor
42:42 Leather Archer Armor
42:23 Elite Longbowman
43:57 Ring Archer Armor
46:02 Bracer
47:14 Halberdier
48:41 Siege Engineers
49:21 Forging
49:27 Chain Mail Armor
53:18 Masonry
53:47 Iron Casting
53:43 Plate Mail Armor
55:03 Town Patrol
55:38 Architecture
63:07 Blast Furnace
72:36 Onager
slotti
12:16 Feudal Age
16:15 Loom
17:24 Horse Collar
17:34 Double-Bit Axe
21:54 Castle Age
19:55 Man-at-Arms
21:26 Gold Mining
21:29 Stone Mining
22:21 Wheelbarrow
21:37 Town Watch
23:31 Bow Saw
24:51 Town Watch
26:58 Hand Cart
28:40 Fletching
28:52 Padded Archer Armor
29:26 Town Patrol
30:06 Crossbowman
30:07 Elite Skirmisher
30:09 Pikeman
30:10 Long Swordsman
30:51 Squires
30:37 Arson
31:11 Forging
32:05 Heavy Plow
39:39 Imperial Age
38:26 Thumb Ring
41:39 Chemistry
41:00 Ballistics
40:36 Murder Holes
40:32 Heated Shot
40:23 Halberdier
44:02 Crop Rotation
44:40 Two-Man Saw
53:38 Elite Leitis
56:22 Thumb Ring
58:24 Two-Handed Swordsman
59:26 Scale Mail Armor
60:02 Iron Casting
59:22 Bodkin Arrow
59:43 Leather Archer Armor
59:34 Scale Barding Armor
59:53 Bombard Tower
59:24 Guard Tower
59:45 Fortified Wall
59:17 Treadmill Crane
59:48 Masonry
59:47 Tower Shields
60:08 Conscription
60:26 Hoardings
63:32 Caravan
82:32 Bloodlines
82:22 Husbandry
81:44 Light Cavalry
aVoID
5:55 Loom
13:37 Feudal Age
15:41 Horse Collar
15:50 Double-Bit Axe
24:06 Castle Age
22:17 Stone Mining
25:02 Heavy Plow
25:16 Bow Saw
28:42 Wheelbarrow
28:37 Fortified Wall
31:29 Hand Cart
33:38 Husbandry
33:59 Bloodlines
34:55 Scale Barding Armor
39:05 Imperial Age
37:58 Forging
38:09 Chain Barding Armor
37:50 Scale Mail Armor
37:50 Padded Archer Armor
37:41 Fletching
39:08 Stone Shaft Mining
38:27 Gold Mining
39:07 Ballistics
38:25 Elite Skirmisher
40:56 Chemistry
41:02 Two-Man Saw
41:07 Chain Mail Armor
40:18 Cavalier
43:25 Caravan
44:34 Conscription
43:54 Paladin
45:20 Plate Barding Armor
47:53 Hoardings
48:21 Elite Conquistador
52:30 Iron Casting
52:26 Plate Mail Armor
52:11 Leather Archer Armor
51:52 Bodkin Arrow
55:39 Blast Furnace
66:43 Murder Holes
73:51 Town Watch
74:41 Ring Archer Armor
74:12 Bracer
74:26 Masonry
80:09 Light Cavalry
81:22 Hussar
RayBay78
0:31 Loom
12:05 Feudal Age
13:25 Wheelbarrow
12:32 Horse Collar
12:40 Double-Bit Axe
22:43 Castle Age
21:59 Gold Mining
22:02 Stone Mining
23:49 Hand Cart
23:20 Town Watch
23:37 Heavy Plow
23:50 Bow Saw
30:26 Imperial Age
29:19 Stone Shaft Mining
32:20 Fortified Wall
33:11 Chemistry
33:15 Bloodlines
33:51 Caravan
33:58 Fletching
35:01 Conscription
36:16 Two-Man Saw
35:51 Pikeman
36:31 Squires
36:16 Gambesons
36:51 Forging
36:42 Scale Mail Armor
36:44 Padded Archer Armor
37:22 Halberdier
37:30 Cavalier
39:34 Crop Rotation
38:56 Crossbowman
39:02 Elite Skirmisher
39:33 Arson
41:11 Iron Casting
40:54 Chain Mail Armor
40:57 Scale Barding Armor
41:09 Leather Archer Armor
41:22 Town Patrol
42:20 Ballistics
41:53 Onager
44:34 Blast Furnace
43:30 Bodkin Arrow
44:06 Plate Mail Armor
45:17 Heavy Mounted Crossbowman
47:25 Chain Barding Armor
47:36 Ring Archer Armor
48:31 Siege Onager
50:28 Paladin
51:55 Plate Barding Armor
69:02 Hoardings
77:52 Ironclad
91:35 Siege Engineers
91:41 Masonry
Frank
12:01 Feudal Age
12:41 Double-Bit Axe
15:47 Wheelbarrow
24:21 Horse Collar
31:57 Castle Age
32:46 Heavy Plow
33:05 Hand Cart
34:23 Bow Saw
35:40 Forging
35:31 Scale Mail Armor
35:38 Scale Barding Armor
35:34 Padded Archer Armor
35:25 Fletching
42:40 Imperial Age
41:32 Iron Casting
44:20 Caravan
47:18 Chemistry
49:18 Masonry
49:15 Siege Engineers
49:07 Murder Holes
49:21 Murder Holes
49:38 Fortified Wall
50:47 Chain Mail Armor
50:49 Leather Archer Armor
50:30 Bodkin Arrow
54:31 Ring Archer Armor
54:04 Bracer
58:33 Architecture
58:28 Ballistics
57:58 Arrowslits
59:00 Elite Hussite Wagon
59:49 Wagenburg Tactics
60:12 Conscription
62:30 Houfnice
Connection lost

Rejoining the realm…

Still unreachable

The connection could not be restored.

Session expired

The server has moved on; the page needs a fresh start.